 Dungeon Crawl Stone Soup version 0.26-a0-597-gb535b09 (webtiles) character file.

Game seed: 1774023549397455995

11 2tousent the Sneak (level 2, 0/15 HPs)
             Began as a Kobold Enchanter on Aug 26, 2020.
             Slain by a jackal (2 damage)
             ... on level 1 of the Dungeon.
             The game lasted 00:01:51 (350 turns).

2tousent the Sneak (Kobold Enchanter)                Turns: 350, Time: 00:01:51

Health: 0/15       AC:  2    Str:  5    XL:     2   Next: 40%
Magic:  5/5        EV: 15    Int: 16    God:
Gold:   0          SH:  0    Dex: 15    Spells: 4/5 levels left

rFire    . . .     SeeInvis .   a - +1 dagger
rCold    . . .     Faith    .   (shield restricted)
rNeg     . . .     Spirit   .   b - +0 robe
rPois    .         Reflect  .   (no helmet)
rElec    .         Harm     .   (no cloak)
rCorr    .                      (no gloves)
MR       .....                  (no boots)
Stlth    ++++......             (no amulet)
HPRegen  0.05/turn              (no ring)
MPRegen  0.09/turn              (no ring)

@: no status effects
A: small, nightstalker 3
a: no special abilities


You were on level 1 of the Dungeon.
You visited 1 branch of the dungeon, and saw 1 of its levels.

Inventory:

Hand Weapons
 a - a +1 dagger (weapon)
Armour
 b - a +0 robe (worn)
Scrolls
 d - a scroll of remove curse {unknown}
Potions
 c - a potion of magic {unknown}


   Skills:
 * Level 2.2 Short Blades
 + Level 2.6 Dodging
 + Level 4.2 Stealth
 - Level 2.1 Spellcasting
 + Level 3.1 Hexes


You had 4 spell levels left.
You knew the following spells:

 Your Spells              Type           Power        Failure   Level
a - Corona                Hex            ##.....      5%          1

Your spell library contained the following spells:

 Spells                   Type           Power        Failure   Level
 Ensorcelled Hibernation  Hex/Ice        #.....       16%         2
 Confusing Touch          Hex            ##......     17%         3
 Tukima's Dance           Hex            ##......     17%         3
 Dazzling Flash           Conj/Hex       #.....       32%         3


Dungeon Overview and Level Annotations

Branches:
Dungeon (1/15)

Altars:


Innate Abilities, Weirdness & Mutations

You are small and have problems with some larger weapons.
You are completely attuned to the shadows.


Message History

The jackal closely misses you. The bat barely misses you.
You hit the jackal.
You kill the jackal!
The bat closely misses you.
You hit the jackal but do no damage. The bat barely misses you.
The jackal bites you. The goblin barely misses you.
You barely miss the jackal. The bat completely misses you.
The jackal bites you. x2; The goblin completely misses you.
You hit the jackal.
The jackal is severely wounded.
The bat barely misses you. The jackal closely misses you. The bat misses you.
You hit the jackal but do no damage.
The jackal is severely wounded.
The bat hits you but does no damage. The goblin misses you.
The jackal bites you.
* * * LOW HITPOINT WARNING * * *
You barely miss the jackal.
The jackal is severely wounded.
The bat misses you. The jackal bites you.
You die...

.......#..#.. #.#
##..[.#.....#.. #..#
#.####(...#..#.
#..#.###.###.#..#...#.
#..#...............#..
#..#####.###.##.......
#..###(....#..).......
#...##g###÷#.##.......
#.#.h@.# #...##.####.#
#...##.###.#.##.# #.#
#.##...b........# #.#
#............#### #.#
...###.###†# #.# ###
#.# #.# #.# ..# #.#
#.# #.#######.#
#.........#


You could see a jackal, a goblin and a bat.

Vanquished Creatures
  A bat (D:1)
  A giant cockroach (D:1)
  A goblin (D:1)
  A hobgoblin (D:1)
  3 jackals (D:1)
  2 frilled lizards (D:1)
  A rat (D:1)
10 creatures vanquished.

Notes
Turn   | Place    | Note
-------+----------+-------------------------------------------
     0 | D:1      | 2tousent the Kobold Enchanter began the quest for the Orb.
     0 | D:1      | Reached XP level 1. HP: 10/10 MP: 3/3
   125 | D:1      | Reached XP level 2. HP: 7/15 MP: 5/5
   350 | D:1      | Slain by a jackal

Illustrated notes

Levels and vault maps discovered:
D:1:      minmay_arrival_radiant_lines, layout_loops_ring,
          nemelex_diamond_rough_becter

Skill      XL: |  1 |
---------------+----+-----
Short Blades   | 2 |  2.2
Dodging        | |  2.6
Stealth        | |  4.2
Spellcasting   | |  2.1
Hexes          | |  3.1

Action                   || total
-------------------------++-------
Melee: Dagger            ||    43
 Stab: Sleeping          ||     3
Armor: Robe              ||    12
Dodge: Dodged            ||    50

Table legend: (Time is in decaauts)
 A = Elapsed time spent in this place.
 B = Non-inter-level travel time spent in this place.
 C = Inter-level travel time spent in this place.
 D = Time resting spent in this place.
 E = Time spent auto-exploring this place.
 F = Levels seen in this place.
 G = Mean time per level.
                   A        B        C        D        E       F      G
               +--------+--------+--------+--------+--------+-----+--------+
         Total |    346 |    346 |      0 |    158 |    111 |   1 |  346.0 |
       Dungeon |    346 |    346 |      0 |    158 |    111 |   1 |  346.0 |
               +--------+--------+--------+--------+--------+-----+--------+

Top non-repeatable levels by time:
     D:1: 346 daAuts
